Map: King's Cove LE

Players

Infinity - Winner!

  • Race: Protoss Protoss
  • League: Diamond
  • Spawn Location: 5:00

Mantric

  • Race: Zerg Zerg
  • League: Diamond
  • Spawn Location: 11:00

VOD

Have the link to the VOD?

Description

Time

  • Played on: March 23, 2019, 2:30 p.m.
  • Length: 6:36
Show
View Real Time Build Order
Export as new Build Order

Infinity Protoss - Winner!

Build Orders: 1 Gate Expand, Phoenix Opening 

Get SALT Encoding   

  12  0:01  Probe  
  13  0:13  Probe  
  14  0:20  Pylon  
  14  0:25  Probe  
  15  0:34  Probe  
  15  0:41  Gateway  
  15  0:42  Probe  
  17  0:51  Probe  
  17  0:52  Assimilator  
  18  0:59  Probe  
  19  1:07  Probe  
  20  1:18  Probe  
  21  1:31  Nexus  
  21  1:40  Cybernetics Core  
  21  1:46  Probe  
  22  1:52  Pylon  
  22  1:54  Assimilator  
  22  1:59  Probe  
  23  2:08  Adept  
  23  2:11  Probe  
  26  2:23  Probe  
  26  2:29  Stargate  
  27  2:35  Probe  
  28  2:37  Adept  
  28  2:41  Probe  
  28  2:43  Warp Gate  
  30  2:47  Probe  
  32  2:51  Probe  
  32  2:56  Gateway  
  33  2:59  Probe  
  33  3:02  Probe  
  35  3:06  Phoenix  
  35  3:12  Probe  
  36  3:14  Probe  
  40  3:30  Twilight Council  
  37  3:37  Gateway  
  37  3:42  Robotics Facility  
  37  3:43  Charge  
  37  3:44  Pylon  
  37  3:48  Gateway  
  37  3:51  Pylon  
  37  4:03  Gateway  
  37  4:06  Gateway  
  37  4:19  Gateway  
  37  4:25  Gateway  
  37  4:29  Pylon  
  37  4:32  Zealot x2  
  41  4:39  Zealot  
  41  4:44  Warp Prism  
  45  4:52  Zealot x2  
  47  4:58  Pylon  
  47  4:59  Zealot  
  51  5:05  Zealot x2  
  55  5:15  Zealot  
  55  5:16  Zealot x2  
  59  5:22  Pylon  
  59  5:24  Pylon  
  59  5:28  Zealot  
  61  5:34  Zealot x2  
  65  5:43  Zealot  
  65  5:44  Zealot x2  
  71  5:52  Zealot x2  
  75  6:02  Pylon  
  75  6:16  Zealot x4  
  75  6:17  Zealot x2  
  83  6:23  Zealot  
  81  6:29  Pylon  
Show
View Real Time Build Order
Export as new Build Order

Mantric Zerg 

Build Orders: Hatch First 

Get SALT Encoding   

  12  0:01  Drone  
  13  0:12  Overlord  
  13  0:18  Drone  
  14  0:31  Drone x2  
  14  0:35  Drone  
  17  0:54  Hatchery  
  17  0:56  Drone  
  17  1:04  Extractor, Drone  
  17  1:16  Spawning Pool  
  16  1:20  Drone  
  16  1:23  Drone  
  18  1:30  Drone  
  19  1:54  Hatchery  
  18  2:01  Overlord  
  18  2:06  Metabolic Boost  
  18  2:13  Zergling x2  
  18  2:14  Drone  
  20  2:24  Queen  
  22  2:31  Drone  
  22  2:33  Zergling x2  
  24  2:42  Drone  
  24  2:43  Drone x2  
  27  2:45  Drone  
  28  2:53  Overlord  
  28  2:55  Queen  
  30  3:02  Queen  
  32  3:07  Drone x2  
  34  3:30  Drone x3  
  34  3:32  Spore Crawler  
  35  3:34  Spore Crawler  
  35  3:36  Spore Crawler  
  33  3:43  Queen  
  33  3:44  Drone x3  
  39  3:48  Drone  
  39  3:50  Overlord x2  
  39  4:04  Drone x2  
  39  4:06  Extractor  
  39  4:08  Roach Warren  
  39  4:16  Drone x2  
  41  4:17  Drone x6  
  47  4:26  Drone x3  
  47  4:27  Drone x2  
  52  4:32  Overlord  
  52  4:35  Drone  
  52  4:36  Drone  
  52  4:38  Drone  
  55  4:40  Drone  
  55  4:43  Drone  
  55  4:44  Overlord  
  57  4:47  Extractor  
  57  4:49  Extractor  
  56  4:52  Drone  
  56  4:53  Drone  
  56  4:54  Lair  
  57  5:11  Drone  
  57  5:12  Drone  
  59  5:15  Drone x4  
  59  5:18  Extractor  
  59  5:20  Drone  
  63  5:22  Extractor, Drone x3  
  63  5:23  Drone x3  
  68  5:30  Roach x2  
  72  5:39  Spine Crawler  
  72  5:41  Roach, Spine Crawler  
  72  5:42  Roach x3, Spine Crawler  
  73  5:53  Overseer  
  73  5:56  Overlord  
  73  5:57  Overlord x3  
  65  6:15  Roach x6  
Tags
 
Add a new tag
Caveats
  • Supply blocks, unpowered buildings, or Contaminate may cause inaccurate times.
  • Supply counts are checked every 10 seconds.